 Dungeon Crawl Stone Soup version 0.25-a0-1002-gbcf8c60d55 (webtiles) character file.

Game seed: 8342501876496127834, levelgen mode: deterministic

238 FrogZ the Caller (level 5, 0/28 HPs)
             Began as a Deep Elf Summoner on May 11, 2020.
             Was an Initiate of Nemelex Xobeh.
             Slain by a hound (4 damage)
             ... on level 5 of the Dungeon.
             The game lasted 00:21:57 (5353 turns).

FrogZ the Caller (Deep Elf Summoner)                Turns: 5353, Time: 00:21:58

Health: 0/28       AC:  4    Str:  5    XL:     5   Next: 78%
Magic:  0/11       EV: 12    Int: 21    God:    Nemelex Xobeh [......]
Gold:   123        SH:  3    Dex: 15    Spells: 2/10 levels left

rFire    + . .     SeeInvis .   j - +0 short sword
rCold    . . .     Gourm    .   r - +0 buckler
rNeg     . . .     Faith    .   q - +2 robe {rF+}
rPois    .         Spirit   .   (no helmet)
rElec    .         Reflect  .   (no cloak)
rCorr    .         Harm     .   (no gloves)
MR       .....                  (no boots)
Stlth    ++........             (no amulet)
HPRegen  0.09/turn              (no ring)
MPRegen  0.12/turn              (no ring)

@: very slightly contaminated
A: no striking features
a: Draw Escape, Draw Destruction, Draw Summoning, Renounce Religion


You were on level 5 of the Dungeon.
You worshipped Nemelex Xobeh.
Nemelex Xobeh was noncommittal.
You were very hungry.

You visited 1 branch of the dungeon, and saw 5 of its levels.

You collected 123 gold pieces.

Inventory:

Hand Weapons
 j - a +0 short sword (weapon)
Armour
 q - a +2 robe of fire resistance (worn)
 r - a +0 buckler (worn)
Jewellery
 a - a cursed ring of attention {unknown}
Wands
 n - a wand of paralysis (8)
Scrolls
 b - 2 scrolls of immolation {unknown}
 e - 7 scrolls of identify
 g - 4 scrolls of remove curse {unknown}
 k - a scroll of fog {unknown}
 o - a scroll of teleportation {unknown}
Potions
 c - a potion of might {unknown}
 d - 3 potions of lignification {unknown}
 f - 3 potions of degeneration {unknown}
 h - a potion of invisibility {unknown}
 i - a potion of cancellation {unknown}
 l - 2 potions of curing {unknown}
 s - 2 potions of stabbing {unknown}
 t - a potion of haste {unknown}
Comestibles
 m - 3 rations


   Skills:
 - Level 2.4 Dodging
 - Level 2.4 Stealth
 - Level 3.0 Spellcasting
 + Level 7.8 Summonings


You had 2 spell levels left.
You knew the following spells:

 Your Spells              Type           Power        Failure   Level  Hunger
a - Summon Small Mammal   Summ           ####         1%          1    None
b - Summon Guardian Gole  Hex/Summ       ###.....     13%         3    ###....
c - Summon Ice Beast      Ice/Summ       ###.....     41%         4    ####...

Your spell library contained the following spells:

 Spells                   Type           Power        Failure   Level  Hunger
 Call Imp                 Summ           #####...     1%          2    ##.....
 Call Canine Familiar     Summ           #####...     2%          3    ###....
 Summon Lightning Spire   Summ/Air       ###.....     41%         4    ####...


Dungeon Overview and Level Annotations

Branches:
Dungeon (5/15)
 Temple: D:4-7

Altars:
Ashenzari
Nemelex Xobeh


Message History

There is a stone staircase leading down here.
The hound closely misses you. The nameless horror hits you!
You feel your power leaking away. The frilled lizard closely misses you.
You climb downwards.
There is a stone staircase leading up here.
The hound closely misses you. The nameless horror hits you!
You feel your power leaking away. The hound closely misses you.
You climb upwards.
There is a stone staircase leading down, spattered with blood here.
The hound misses you. The nameless horror closely misses you.
You climb downwards.
The frilled lizard bites you but does no damage.
There is a stone staircase leading up here.
The hound bites you.
* * * LOW HITPOINT WARNING * * *
The hound bites you.
You die...
Your body disappears without a glow. ## .. #.######.####. #....h@lX..... ...###########.

You could see a nameless horror, a hound and a frilled lizard.

Vanquished Creatures (collateral kills)
  Sigmund (D:3)
  An orc priest (D:3)
  A bullfrog skeleton (D:3)
  Natasha (D:1)
  A worker ant (D:2)
  3 gnolls (D:2)
  6 adders
  2 oozes
  2 worms
  4 dart slugs
  A leopard gecko (D:1)
  8 orcs (D:3)
  5 bats
  2 giant cockroaches
  12 goblins
  4 hobgoblins
  6 jackals
  2 quokkas
  6 frilled lizards
  2 kobolds
  12 rats
82 creatures vanquished.

Notes
Turn   | Place    | Note
-------+----------+-------------------------------------------
     0 | D:1      | FrogZ the Deep Elf Summoner began the quest for the Orb.
     0 | D:1      | Reached XP level 1. HP: 10/10 MP: 6/6
   702 | D:1      | Reached XP level 2. HP: 15/15 MP: 2/8
   807 | D:1      | Reached skill level 5 in Summonings
  1411 | D:2      | Noticed Natasha
  1445 | D:2      | Noticed a crimson imp
  2031 | D:2      | Noticed a crimson imp
  2061 | D:1      | Killed Natasha
  2061 | D:1      | Reached XP level 3. HP: 13/19 MP: 3/9
  2158 | D:2      | Learned a level 3 spell: Summon Guardian Golem
  2608 | D:2      | Reached skill level 6 in Summonings
  3004 | D:2      | Reached XP level 4. HP: 24/24 MP: 6/10
  3010 | D:2      | Learned a level 4 spell: Summon Ice Beast
  3597 | D:3      | Noticed Sigmund
  3614 | D:3      | Killed Sigmund
  3614 | D:3      | Reached skill level 7 in Summonings
  3614 | D:3      | Reached XP level 5. HP: 19/28 MP: 6/11
  3895 | D:3      | Found a sparkling altar of Nemelex Xobeh.
  3942 | D:3      | Became a worshipper of Nemelex Xobeh the Trickster
  4354 | D:3      | Found a shattered altar of Ashenzari.
  4543 | D:3      | Received a gift from Nemelex Xobeh
  5334 | D:4      | Noticed a nameless horror
  5348 | D:5      | Entered Level 5 of the Dungeon
  5353 | D:5      | Slain by a hound

Illustrated notes

Levels and vault maps discovered:
D:1:      dpeg_arrival_leaves_temple_mockup, layout_basic
D:2:      layout_loops_cross, serial_glass, glass_columns_a, glass_columns_a,
          uniq_natasha
D:3:      layout_loops_corners, nemelex_xobeh_ov_fountains_minmay,
          ashenzari_altar_1, uniq_sigmund
D:4:      layout_cave_pools, uniq_robin, uniq_duvessa, uniq_eustachio,
          uniq_pikel
D:5:      minmay_angry_zag, layout_rooms, first_ration

Skill      XL: |  1  2  3  4 |
---------------+-------------+-----
Summonings     | 5 6 7 |  7.8
Dodging        | |  2.4
Stealth        | |  2.4
Spellcasting   | |  3.0

Action                   |  1- 3 |  4- 6 || total
-------------------------+-------+-------++-------
Melee: Unarmed           |     3 |       ||     3
       Short sword       |     2 |       ||     2
 Cast: Summon Small Mamm |   114 |    70 ||   184
       Summon Guardian G |     3 |       ||     3
       Summon Ice Beast  |       |     8 ||     8
  Use: Scroll            |       |     1 ||     1
  Eat: Chunk             |     3 |     8 ||    11
       Ration            |     1 |       ||     1
Armor: Robe              |    10 |    16 ||    26
Dodge: Dodged            |    32 |    40 ||    72
Block: Buckler           |       |     5 ||     5

Table legend:
 A = Non-vault XP
 B = Vault XP
 C = Vault XP percentage of total XP
 D = Non-vault monster count
 E = Vault monster count
 F = Vault count percentage of total count
                 A         B        C        D         E       F
            +---------+---------+-------+---------+---------+-------
      Total |     213 |     128 |  37.5 |      80 |       2 |   2.4
            +---------+---------+-------+---------+---------+-------
        D:1 |      30 |      18 |  37.5 |      25 |       1 |   3.8
        D:2 |      77 |       0 |   0.0 |      25 |       0 |   0.0
        D:3 |     106 |     110 |  50.9 |      30 |       1 |   3.2
            +---------+---------+-------+---------+---------+-------
